 Dungeon Crawl Stone Soup version 0.18-b1-22-ge198996 (webtiles) character file.

65 Chiseanne the Magician (level 3, -3/24 HPs)
             Began as a Demonspawn Wizard on May 4, 2016.
             Killed by nerve-wracking pain
             ... invoked by Jessica
              (8 damage)
             ... on level 2 of the Dungeon.
             The game lasted 00:02:24 (1938 turns).

Chiseanne the Magician (Demonspawn Wizard)          Turns: 1938, Time: 00:02:25

Health: -3/24      AC:  2    Str:  7    XL:     3   Next: 94%
Magic:  3/8        EV: 12    Int: 20    God:
Gold:   36         SH:  0    Dex: 11    Spells: 3 memorised, 4 levels left

rFire  + . .     SeeInvis .     j - +1 dagger (speed)
rCold  . . .     Gourm    .     a - +0 robe
rNeg   . . .     Faith    .     (no shield)
rPois  .         Spirit   .     b - +0 hat
rElec  .         Dismiss  .     (no cloak)
rCorr  .         Reflect  .     (no gloves)
SustAt .         Harm     .     (no boots)
MR     .....                    (no amulet)
Stlth  ++........               (no ring)
                                (no ring)

@: very slightly contaminated, hasted, repel missiles, very quick, not resistant
to hostile enchantments, unstealthy
A: fire resistance 1
a: no special abilities


You were on level 2 of the Dungeon.
You were not hungry.

You visited 1 branch of the dungeon, and saw 2 of its levels.

You collected 36 gold pieces.

Inventory:

Hand Weapons
 j - a +1 dagger of speed (weapon)
Missiles
 f - 68 stones (quivered)
 q - 22 arrows
Armour
 a - a +0 robe (worn)
 b - a +0 hat (worn)
Scrolls
 i - a scroll of magic mapping
 k - a scroll of noise {unknown}
 n - a scroll of recharging {unknown}
Potions
 g - a potion of flight {unknown}
 l - a potion of agility {unknown}
 m - a potion of degeneration {unknown}
 p - a potion of berserk rage {unknown}
Books
 c - a book of Minor Magic

   Spells                             Type                      Level
   a - Magic Dart                     Conjuration                  1
   b - Blink                          Translocation                2
   c - Call Imp                       Summoning                    2
   d - Repel Missiles                 Charms/Air                   2
   e - Slow                           Hexes                        2
   f - Conjure Flame                  Conjuration/Fire             3
   g - Mephitic Cloud                 Conjuration/Poison/Air       3
Comestibles
 d - 2 bread rations
 h - a slice of pizza


   Skills:
 - Level 1.7 Dodging
 - Level 1.7 Stealth
 * Level 3.9 Spellcasting
 * Level 2.6 Conjurations
   Level 1.0 Summonings
 - Level 0.8 Translocations


You had 4 spell levels left.
You knew the following spells:

 Your Spells              Type           Power        Failure   Level  Hunger
a - Magic Dart            Conj           ##..         4%          1    None
b - Blink                 Tloc           N/A          17%         2    ##.....
c - Repel Missiles        Chrm/Air       #.....       24%         2    ##.....


Dungeon Overview and Level Annotations

Branches:
Dungeon (2/15)

Altars:

Annotations:
D:2 Jessica


Innate Abilities, Weirdness & Mutations

Your flesh is heat resistant.


Message History

The ball python closely misses you. The ball python barely misses you.
The ball python closely misses you.
Jessica looks very angry.
Read which item? (? for menu, Esc to quit)
As you read the scroll labeled SYT QIAMUTHREFU, it crumbles to dust.
You feel aware of your surroundings.
You sensed 2 altars.
It was a scroll of magic mapping.
The kobold hits you with a dagger.
Drink which item? (? for menu, Esc to quit)
It was a potion of haste.
You feel yourself speed up. The ball python misses you.
The ball python closely misses you. The kobold hits you but does no damage.
Jessica hits you with a club.
* * * LOW HITPOINT WARNING * * *
The ball python bites you.
* * * LOW HITPOINT WARNING * * *
The ball python grabs you. The ball python constricts you.
You are very lightly contaminated with residual magic.
You escape the ball python's grasp.
Jessica points at you and mumbles some strange words.
Pain shoots through your body!
You die...

#......##...@....#####
#.....................
#.......##########...#
#.......# #...#
#.......# ########...#
#.......# #......'...#
#....S.@#*#.######...#
#....K.##,,,* #.......
#....@.#*,*** #......#
########*,* #......#
*##+#####......#
*..............#
*..............+
*,.......#)....#
*,.........#####
***####....# #....#


You could see Jessica, a ball python and a kobold.

Vanquished Creatures
  Natasha (D:2)
  An adder (D:2)
  An ooze (D:1)
  A giant gecko (D:1)
  5 bats (D:1)
  4 goblins (D:1)
  4 hobgoblins
  6 kobolds (D:1)
  2 giant newts
  2 rats (D:1)
27 creatures vanquished.

Notes
Turn   | Place    | Note
--------------------------------------------------------------
     0 | D:1      | Chiseanne the Demonspawn Wizard began the quest for the Orb.
     0 | D:1      | Reached XP level 1. HP: 13/13 MP: 4/4
   695 | D:1      | Gained mutation: Your flesh is heat resistant. [demonic ancestry]
   695 | D:1      | Reached XP level 2. HP: 18/19 MP: 0/6
  1283 | D:1      | Learned a level 2 spell: Blink
  1286 | D:1      | Learned a level 2 spell: Repel Missiles
  1589 | D:1      | Reached XP level 3. HP: 23/24 MP: 0/8
  1905 | D:2      | Noticed Natasha
  1913 | D:2      | Noticed Jessica
  1913 | D:2      | Killed Natasha
  1938 | D:2      | Killed from afar by Jessica

Skill      XL: |  1  2 |
---------------+-------+-----
Conjurations   | 2 |  2.6
Dodging        | |  1.7
Stealth        | |  1.7
Spellcasting   | |  3.9
Summonings     | |  1.0
Translocations | |  0.8

Action                   || total
-------------------------++-------
Melee: Short sword       ||     6
       Dagger            ||     2
 Cast: Magic Dart        ||    71
       Repel Missiles    ||     1
       Blink             ||     2
  Use: Scroll            ||     1
       Potion            ||     1
  Eat: Chunk             ||     3
Armor: Robe              ||     7
Dodge: Dodged            ||    30
       Deflected         ||     1
